PIO (24 & UNDER)
SEATTLE RAINIERS @ JASPER COUGARS
08/03/2023
 
TOP OF THE 1ST
Seattle Rainiers batting - Pitching for Jasper Cougars : LHP Júlio Aguilar
Pitching: LHP Júlio Aguilar
Batting: LHB Brian Boone 0-0: Foul Ball, location: 2F
0-1: Ball
1-1: Ball
2-1: Foul Ball, location: 2F
2-2: Strikes out swinging
Batting: RHB Bill Dawson 0-0: Ball
1-0: Foul Ball, location: 2F
1-1: Ball
2-1: Swinging Strike
2-2: Fly out, F7 (Flyball, 78M)
Batting: RHB Chris Parker 0-0: Called Strike
0-1: SINGLE (Groundball, 34D)
Batting: SHB Glenn Vadnais 0-0: Ball
1-0: Called Strike
1-1: Ball
2-1: Foul Ball, location: 2F
2-2: Ball
3-2: Base on Balls
Chris Parker to second
Batting: LHB Norbert Mosley 0-0: Called Strike
0-1: Foul Ball, location: 2F
0-2: Fly out, F7 (Flyball, 78M)
Top of the 1st over - 0 run(s), 1 hit(s), 0 error(s), 2 left on base; Seattle 0 - Jasper 0
BOTTOM OF THE 1ST
Jasper Cougars batting - Pitching for Seattle Rainiers : RHP Ben Cobb
Pitching: RHP Ben Cobb
Batting: RHB Greg King 0-0: Ball
1-0: SINGLE (Groundball, 6MD)
Batting: RHB Dan Hooper 0-0: Ball
1-0: Fielders Choice at 2nd, 3-6 (Groundball, 34)
Batting: LHB Enrique Valentín 0-0: Called Strike
Dan Hooper steals 2nd base
0-1: Fly out, F7 (Flyball, 7LMF)
Batting: SHB Ron Edwards 0-0: Called Strike
0-1: Ball
1-1: Ball
2-1: Ball
3-1: Swinging Strike
3-2: Base on Balls
Batting: RHB Manuel Pérez 0-0: Ball
1-0: Swinging Strike
1-1: Foul Ball, location: 2F
1-2: Ball
2-2: Strikes out swinging
Bottom of the 1st over - 0 run(s), 1 hit(s), 0 error(s), 2 left on base; Seattle 0 - Jasper 0
TOP OF THE 2ND
Seattle Rainiers batting - Pitching for Jasper Cougars : LHP Júlio Aguilar
Batting: SHB Nick Cox 0-0: Foul Ball, location: 2F
0-1: Ground out 3-1 (Groundball, 34)
Batting: SHB Francisco Lópes 0-0: Ball
1-0: Swinging Strike
1-1: Swinging Strike
1-2: Ball
2-2: Strikes out looking
Batting: RHB Pedro Rodríguez 0-0: Ball
1-0: SINGLE (Groundball, 6M)
Batting: LHB Alan Moore 0-0: Called Strike
0-1: Foul Ball, location: 2F
0-2: Ball
1-2: Ball
2-2: Ground out 4-3 (Groundball, 34)
Top of the 2nd over - 0 run(s), 1 hit(s), 0 error(s), 1 left on base; Seattle 0 - Jasper 0
BOTTOM OF THE 2ND
Jasper Cougars batting - Pitching for Seattle Rainiers : RHP Ben Cobb
Batting: SHB Martín Cruz 0-0: Ball
1-0: Ball
2-0: Ball
3-0: Base on Balls
Batting: LHB Pepe Vázquez 0-0: Called Strike
0-1: Ball
1-1: Foul Ball, location: 2F
1-2: Ball
2-2: Ball
3-2: Foul Ball, location: 2F
3-2: Foul Ball, location: 2F
3-2: Foul Ball, location: 2F
3-2: Foul Ball, location: 2F
3-2: Fielders Choice at 2nd, 1-4 (Groundball, 13S)
Batting: RHB José Ortega 0-0: SINGLE (Groundball, 6MD)
Pepe Vázquez to second
Batting: RHB Joe Baker 0-0: Ball
1-0: Ball
2-0: Called Strike
2-1: Called Strike
2-2: Foul Ball, location: 2F
2-2: Foul Ball, location: 2F
2-2: Foul Ball, location: 2F
2-2: Strikes out swinging
Batting: RHB Greg King 0-0: Swinging Strike
0-1: Ball
1-1: Called Strike
1-2: Fielders Choice at 2nd, U6 (Groundball, 6M)
Bottom of the 2nd over - 0 run(s), 1 hit(s), 0 error(s), 2 left on base; Seattle 0 - Jasper 0
TOP OF THE 3RD
Seattle Rainiers batting - Pitching for Jasper Cougars : LHP Júlio Aguilar
Batting: LHB Brian Boone 0-0: Foul Ball, location: 2F
0-1: Foul Ball, location: 2F
0-2: Foul Ball, location: 2F
0-2: Ball
1-2: Ball
2-2: Ball
3-2: Base on Balls
Batting: RHB Bill Dawson 0-0: Foul Ball, location: 2F
0-1: Foul Ball, location: 2F
0-2: Strikes out swinging
Batting: RHB Chris Parker 0-0: Called Strike
0-1: Ball
1-1: Called Strike
1-2: SINGLE (Groundball, 34D)
Brian Boone to second
Runner from 2nd tries for 3rd, SAFE, no throw or cutoff
Batting: SHB Glenn Vadnais 0-0: Called Strike
Chris Parker steals 2nd base
0-1: Ball
1-1: Swinging Strike
1-2: Hit by Pitch
Batting: LHB Norbert Mosley 0-0: Called Strike
0-1: Reached on error, E4 (Groundball, 4)
Brian Boone scores
Chris Parker to third
Glenn Vadnais to second
Batting: SHB Nick Cox 0-0: Ball
1-0: Ball
2-0: Ball
3-0: Called Strike
3-1: Base on Balls
Chris Parker scores
Glenn Vadnais to third
Norbert Mosley to second
Batting: SHB Francisco Lópes 0-0: SINGLE (Line Drive, 3D)
Glenn Vadnais scores
Norbert Mosley to third
Nick Cox to second
Runner from 3rd tries for Home, SAFE, no throw or cutoff
Pitching: RHP Andrés Ruíz
Batting: RHB Pedro Rodríguez 0-0: Called Strike
0-1: Called Strike
0-2: Foul Ball, location: 2F
0-2: Ball
1-2: Ball
2-2: Ball
3-2: Base on Balls
Nick Cox to third
Francisco Lópes to second
Batting: LHB Alan Moore 0-0: Ball
1-0: Called Strike
1-1: Ball
2-1: Ball
3-1: Foul Ball, location: 2F
3-2: Foul Ball, location: 2F
3-2: Fly out, F9 (Flyball, 9M)
Runner from 3rd tags up, SCORES, throw made
Batting: LHB Brian Boone 0-0: Ground out 3-1 (Groundball, 3)
Top of the 3rd over - 5 run(s), 2 hit(s), 1 error(s), 2 left on base; Seattle 5 - Jasper 0
BOTTOM OF THE 3RD
Jasper Cougars batting - Pitching for Seattle Rainiers : RHP Ben Cobb
Batting: RHB Dan Hooper 0-0: Ground out 5-3 (Groundball, 5L)
Batting: LHB Enrique Valentín 0-0: Swinging Strike
0-1: Foul Ball, location: 2F
0-2: Ball
1-2: Foul Ball, location: 2F
1-2: Strikes out looking
Batting: SHB Ron Edwards 0-0: Swinging Strike
0-1: Fly out, F8 (Flyball, 8RXD)
Bottom of the 3rd over - 0 run(s), 0 hit(s), 0 error(s), 0 left on base; Seattle 5 - Jasper 0
TOP OF THE 4TH
Seattle Rainiers batting - Pitching for Jasper Cougars : RHP Andrés Ruíz
Batting: RHB Bill Dawson 0-0: Ball
1-0: Foul Ball, location: 2F
1-1: Ball
2-1: Swinging Strike
2-2: Foul Ball, location: 2F
2-2: Strikes out looking
Batting: RHB Chris Parker 0-0: Ball
1-0: Foul Ball, location: 2F
1-1: Fly out, F9 (Flyball, 89M)
Batting: SHB Glenn Vadnais 0-0: Swinging Strike
0-1: Ball
1-1: SINGLE (Line Drive, 89M)
Batting: LHB Norbert Mosley 0-0: Ground out 4-3 (Groundball, 34)
Top of the 4th over - 0 run(s), 1 hit(s), 0 error(s), 1 left on base; Seattle 5 - Jasper 0
BOTTOM OF THE 4TH
Jasper Cougars batting - Pitching for Seattle Rainiers : RHP Ben Cobb
Batting: RHB Manuel Pérez 0-0: Swinging Strike
0-1: Ball
1-1: Called Strike
1-2: Strikes out swinging
Batting: SHB Martín Cruz 0-0: Ball
1-0: Ball
2-0: Called Strike
2-1: Fly out, F8 (Flyball, 8LS)
Batting: LHB Pepe Vázquez 0-0: SINGLE (Line Drive, 6MD)
Batting: RHB José Ortega 0-0: Ball
1-0: Ball
2-0: Ball
3-0: Called Strike
3-1: Swinging Strike
3-2: Ground out 3-1 (Groundball, 34)
Bottom of the 4th over - 0 run(s), 1 hit(s), 0 error(s), 1 left on base; Seattle 5 - Jasper 0
TOP OF THE 5TH
Seattle Rainiers batting - Pitching for Jasper Cougars : RHP Andrés Ruíz
Batting: SHB Nick Cox 0-0: Called Strike
0-1: Called Strike
0-2: Ball
1-2: Ball
2-2: Foul Ball, location: 2F
2-2: Ball
3-2: Foul Ball, location: 2F
3-2: Foul Ball, location: 2F
3-2: Foul Ball, location: 2F
3-2: DOUBLE (Line Drive, 89D)
Pitching: RHP José Orozco
Batting: SHB Francisco Lópes 0-0: SINGLE (Line Drive, 34D)
Nick Cox to third
Runner from 3rd tries for Home, SAFE, throw made home
Batting: RHB Pedro Rodríguez 0-0: Called Strike
Francisco Lópes steals 2nd base
0-1: Called Strike
0-2: Ball
1-2: Strikes out looking
Batting: LHB Alan Moore 0-0: Ball
1-0: Ball
2-0: Ball
3-0: Base on Balls
Batting: LHB Brian Boone 0-0: Ball
1-0: Called Strike
1-1: Called Strike
1-2: Ball
2-2: Foul Ball, location: 2F
2-2: 3-RUN HOME RUN (Flyball, 89XD), Distance : 401 ft
Batting: RHB Bill Dawson 0-0: Ball
1-0: Swinging Strike
1-1: Ball
2-1: Ball
3-1: Base on Balls
Batting: RHB Chris Parker 0-0: Ball
1-0: Ball
2-0: Swinging Strike
2-1: Called Strike
2-2: Strikes out swinging
Batting: SHB Glenn Vadnais 0-0: Called Strike
0-1: Fly out, F9 (Flyball, 9D)
Top of the 5th over - 4 run(s), 3 hit(s), 0 error(s), 1 left on base; Seattle 9 - Jasper 0
BOTTOM OF THE 5TH
Jasper Cougars batting - Pitching for Seattle Rainiers : RHP Ben Cobb
Batting: RHB Joe Baker 0-0: Called Strike
0-1: Foul Ball, location: 2F
0-2: Foul Ball, location: 2F
0-2: Ball
1-2: Ball
2-2: Hit by Pitch
Batting: RHB Greg King 0-0: Foul Ball, location: 2F
0-1: Ball
1-1: Swinging Strike
1-2: Strikes out swinging
Batting: RHB Dan Hooper 0-0: Foul Ball, location: 2F
0-1: Ball
1-1: Ball
2-1: Swinging Strike
2-2: Foul Ball, location: 2F
2-2: Strikes out swinging
Batting: LHB Enrique Valentín 0-0: Ball
1-0: Ball
2-0: Fly out, F9 (Flyball, 89M)
Bottom of the 5th over - 0 run(s), 0 hit(s), 0 error(s), 1 left on base; Seattle 9 - Jasper 0
TOP OF THE 6TH
Seattle Rainiers batting - Pitching for Jasper Cougars : RHP José Orozco
Pitching: RHP Steve Snyder
Batting: LHB Norbert Mosley 0-0: Foul Ball, location: 2F
0-1: Swinging Strike
0-2: Ball
1-2: SINGLE (Line Drive, 6D)
Batting: SHB Nick Cox 0-0: Called Strike
0-1: Ball
1-1: SINGLE (Groundball, 56D)
Norbert Mosley to second
Batting: SHB Francisco Lópes 0-0: Called Strike
0-1: Fly out, F3 (Flyball, 3SF)
Batting: RHB Pedro Rodríguez 0-0: Ball
1-0: Foul Ball, location: 2F
1-1: Swinging Strike
1-2: Ball
2-2: Foul Ball, location: 2F
2-2: Strikes out swinging
Batting: LHB Alan Moore 0-0: Ground out 3-1 (Groundball, 34S)
Top of the 6th over - 0 run(s), 2 hit(s), 0 error(s), 2 left on base; Seattle 9 - Jasper 0
BOTTOM OF THE 6TH
Jasper Cougars batting - Pitching for Seattle Rainiers : RHP Ben Cobb
Pitching: RHP Pete Taylor
Batting: SHB Ron Edwards 0-0: Ball
1-0: Foul Ball, location: 2F
1-1: Fly out, F7 (Popup, 6D)
Batting: RHB Manuel Pérez 0-0: DOUBLE (Flyball, 9LM)
Batting: SHB Martín Cruz 0-0: Ball
Manuel Pérez is caught stealing 3rd base
1-0: Ball
2-0: Called Strike
2-1: Ground out 4-3 (Groundball, 4)
Bottom of the 6th over - 0 run(s), 1 hit(s), 0 error(s), 0 left on base; Seattle 9 - Jasper 0
TOP OF THE 7TH
Seattle Rainiers batting - Pitching for Jasper Cougars : RHP Steve Snyder
Batting: LHB Brian Boone 0-0: Ball
1-0: Fly out, F8 (Flyball, 8LM)
Batting: RHB Bill Dawson 0-0: Called Strike
0-1: Hit by Pitch
Pinch Runner at 1st Elpidio Martinho:
Batting: RHB Chris Parker 0-0: Ball
1-0: Foul Ball, location: 2F
1-1: Ball
2-1: Called Strike
2-2: Strikes out swinging
Batting: SHB Glenn Vadnais 0-0: Ball
1-0: Called Strike
Elpidio Martinho steals 2nd base
1-1: Foul Ball, location: 2F
1-2: Foul Ball, location: 2F
1-2: Hit by Pitch
Batting: LHB Norbert Mosley 0-0: Called Strike
0-1: Called Strike
0-2: SINGLE (Groundball, 4M)
Elpidio Martinho to third
Glenn Vadnais to second
Runner from 3rd tries for Home, SAFE, no throw or cutoff
Batting: SHB Nick Cox 0-0: Ball
1-0: Ball
2-0: Ball
3-0: Called Strike
3-1: Base on Balls
Glenn Vadnais to third
Norbert Mosley to second
Batting: SHB Francisco Lópes 0-0: Called Strike
0-1: Ball
1-1: Ball
2-1: Ball
3-1: Swinging Strike
3-2: Base on Balls
Glenn Vadnais scores
Norbert Mosley to third
Nick Cox to second
Pitching: RHP Bennett Greer
Batting: RHB Pedro Rodríguez 0-0: Foul Ball, location: 2F
0-1: Ground out 6-3 (Groundball, 6)
Top of the 7th over - 2 run(s), 1 hit(s), 0 error(s), 3 left on base; Seattle 11 - Jasper 0
BOTTOM OF THE 7TH
Jasper Cougars batting - Pitching for Seattle Rainiers : RHP Pete Taylor
Now at 2B: Elpidio Martinho
Batting: LHB Pepe Vázquez 0-0: Ball
1-0: SOLO HOME RUN (Flyball, 9LD), Distance : 320 ft
Batting: RHB José Ortega 0-0: Called Strike
0-1: Foul Ball, location: 2F
0-2: Ball
1-2: Ball
2-2: SINGLE (Groundball, 6D)
Batting: RHB Joe Baker 0-0: Ball
1-0: Foul Ball, location: 2F
1-1: Ball
2-1: SINGLE (Line Drive, 4MD)
José Ortega to second
Batting: RHB Greg King 0-0: Foul Ball, location: 2F
0-1: Ball
1-1: Ball
2-1: Fly out, F9 (Flyball, 89M)
Batting: RHB Dan Hooper 0-0: Called Strike
0-1: SINGLE (Line Drive, 56D)
José Ortega to third
Joe Baker to second
Batting: LHB Enrique Valentín 0-0: Swinging Strike
0-1: Called Strike
0-2: Ball
1-2: Ball
Wild Pitch!
José Ortega scores
Joe Baker to third
Dan Hooper to second
2-2: Strikes out swinging
Batting: SHB Ron Edwards 0-0: Ball
1-0: Foul Ball, location: 2F
1-1: SINGLE (Line Drive, 4MD)
Joe Baker scores
Dan Hooper to third
Runner from 3rd tries for Home, SAFE, no throw or cutoff
Batting: RHB Manuel Pérez 0-0: Ball
1-0: Ball
2-0: Ground out 5-3 (Groundball, 56S)
Bottom of the 7th over - 4 run(s), 5 hit(s), 0 error(s), 1 left on base; Seattle 11 - Jasper 4
TOP OF THE 8TH
Seattle Rainiers batting - Pitching for Jasper Cougars : RHP Bennett Greer
Batting: LHB Alan Moore 0-0: Ball
1-0: Called Strike
1-1: Foul Ball, location: 2F
1-2: Ball
2-2: Strikes out swinging
Batting: LHB Brian Boone 0-0: Foul Ball, location: 2F
0-1: Ball
1-1: Foul Ball, location: 2F
1-2: Ball
2-2: Hit by Pitch
Batting: RHB Elpidio Martinho 0-0: Ball
1-0: SINGLE (Groundball, 56D)
Brian Boone to second
Batting: RHB Chris Parker 0-0: Swinging Strike
0-1: Fielders Choice at 2nd, 4-6 (Groundball, 4)
Brian Boone to third
Batting: SHB Glenn Vadnais 0-0: Ball
1-0: Ball
2-0: Swinging Strike
2-1: Called Strike
2-2: Ball
3-2: Strikes out swinging
Top of the 8th over - 0 run(s), 1 hit(s), 0 error(s), 2 left on base; Seattle 11 - Jasper 4
BOTTOM OF THE 8TH
Jasper Cougars batting - Pitching for Seattle Rainiers : RHP Pete Taylor
Pitching: RHP Brandon Sweet
Batting: SHB Martín Cruz 0-0: Ball
1-0: Ball
2-0: SINGLE (Groundball, 4MD)
Batting: LHB Pepe Vázquez 0-0: Ball
1-0: Foul Ball, location: 2F
1-1: Grounds into double play, 4-6-3 (Groundball, 4)
Batting: RHB José Ortega 0-0: Ball
1-0: Called Strike
1-1: Fly out, F7 (Flyball, 7M)
Bottom of the 8th over - 0 run(s), 1 hit(s), 0 error(s), 0 left on base; Seattle 11 - Jasper 4
TOP OF THE 9TH
Seattle Rainiers batting - Pitching for Jasper Cougars : RHP Bennett Greer
Batting: LHB Norbert Mosley 0-0: Called Strike
0-1: Ball
1-1: Ball
2-1: Called Strike
2-2: Strikes out swinging
Batting: SHB Nick Cox 0-0: Ball
1-0: Ball
2-0: Ball
3-0: Base on Balls
Batting: SHB Francisco Lópes 0-0: Called Strike
0-1: Foul Ball, location: 2F
0-2: Fly out, F9 (Flyball, 89S)
Batting: RHB Pedro Rodríguez 0-0: Ball
1-0: Ball
2-0: Ball
3-0: Base on Balls
Nick Cox to second
Batting: LHB Alan Moore 0-0: Ball
1-0: Ball
2-0: Ball
3-0: Called Strike
3-1: Foul Ball, location: 2F
3-2: Foul Ball, location: 2F
3-2: SINGLE (Line Drive, 6MD)
Nick Cox to third
Pedro Rodríguez to second
Nick Cox scores
Pedro Rodríguez to third
Batting: LHB Brian Boone 0-0: Ball
1-0: Foul Ball, location: 2F
1-1: SINGLE (Groundball, 34D)
Pedro Rodríguez scores
Alan Moore to second
Runner from 2nd tries for 3rd, SAFE, throw made to third
Batting: RHB Elpidio Martinho 0-0: Ball
1-0: Ball
2-0: Foul Ball, location: 2F
2-1: Ball
3-1: Base on Balls
Brian Boone to second
Batting: RHB Chris Parker 0-0: Foul Ball, location: 2F
0-1: Ball
1-1: Ball
2-1: Called Strike
2-2: Ball
3-2: Foul Ball, location: 2F
3-2: Foul Ball, location: 2F
3-2: Fly out, F8 (Flyball, 8LM)
Top of the 9th over - 2 run(s), 2 hit(s), 0 error(s), 3 left on base; Seattle 13 - Jasper 4
BOTTOM OF THE 9TH
Jasper Cougars batting - Pitching for Seattle Rainiers : RHP Brandon Sweet
Batting: RHB Joe Baker 0-0: Ball
1-0: Called Strike
1-1: Ball
2-1: Swinging Strike
2-2: Ball
3-2: Strikes out swinging
Batting: RHB Greg King 0-0: Fly out, F9 (Flyball, 9M)
Batting: RHB Dan Hooper 0-0: Ball
1-0: SOLO HOME RUN (Flyball, 7LD), Distance : 311 ft
Batting: LHB Enrique Valentín 0-0: Fly out, F8 (Flyball, 8LS)
Bottom of the 9th over - 1 run(s), 1 hit(s), 0 error(s), 0 left on base; Seattle 13 - Jasper 5
This league is powered by Out of the Park Baseball, the baseball management simulation game for PC, Mac and Linux
Wednesday, December 2nd, 2015 - OOTP Baseball 16.8 Build 38